 Dungeon Crawl Stone Soup version 0.31-a0-182-gc5ef74bbde (webtiles) character file.

Game seed: 11572500325496782689

36 qw the Chopper (level 3, 0/23 HPs)
             Began as a Gargoyle Fighter on June 20, 2023.
             Slain by a gnoll
             ... wielding a +0 spear
              (5 damage)
             ... on level 2 of the Dungeon.
             The game lasted 00:00:30 (827 turns).

qw the Chopper (Gargoyle Fighter)                    Turns: 827, Time: 00:00:31

Health: 0/23       AC: 13    Str: 27    XL:     3   Next: 37%
Magic:  3/3        EV:  8    Int:  8    God:
Gold:   37         SH:  4    Dex:  9    Spells: 2/2 levels left

rFire   . . .        Y - +0 war axe (flame)
rCold   . . .        c - +0 buckler
rNeg    + . .        h - +0 chain mail
rPois   inf          i - +0 helmet
rElec   +            (no cloak)
rCorr   .            (no gloves)
SInv    .            (no boots)
Will    .....        (no amulet) Stlth
                     k - +6 ring of strength
HPRegen 0.23/turn    (no ring)
MPRegen 0.08/turn

%: no passive effects
@: no status effects
A: sickness immunity, AC +3, negative energy resistance 1, electricity
resistance, torment resistance 1, petrification resistance
a: no special abilities


You were on level 2 of the Dungeon.
You visited 1 branch of the dungeon, and saw 2 of its levels.

You collected 37 gold pieces.


Innate Abilities, Weirdness & Mutations

You are immune to sickness and miasma.
Your stone body is resilient. (AC +3)
You are immune to poison.
You resist negative energy. (rN+)
You are resistant to electric shocks. (rElec)
You are resistant to unholy torment.
You are immune to petrification.


   Skills:
 - Level 3.2 Fighting
 + Level 3.3 Axes
 - Level 3.2 Armour
 - Level 3.2 Shields


You had 2 spell levels left.
You didn't know any spells.
Your spell library was empty.

Inventory:

Hand Weapons
 Y - a +0 war axe of flaming (weapon)
Armour
 c - a +0 buckler (worn)
 h - a +0 chain mail (worn)
 i - a +0 helmet (worn)
Jewellery
 k - a +6 ring of strength (left hand)
Potions
 a - a potion of curing {unknown}
 d - 2 potions of might
 e - a potion of lignification {unknown}

Dungeon Overview and Level Annotations

Branches:
Dungeon (2/15)

Altars:


Message History

The gnoll hits you from afar with a +0 halberd.
The gnoll hits you but does no damage.
A kobold comes into view. It is wielding a +0 whip.
A rat comes into view.
The goblin hits you but does no damage. The gnoll barely misses you.
You slash the gnoll! You burn the gnoll.
The gnoll is severely wounded.
You barely miss the goblin. The goblin hits you but does no damage.
You block the gnoll's attack. The gnoll hits you but does no damage.
You hit the gnoll. You burn the gnoll.
You kill the gnoll!
You closely miss the goblin. The goblin hits you with a +0 dagger.
The gnoll barely misses you.
You barely miss the goblin. The goblin completely misses you.
You block the gnoll's attack. The gnoll barely misses you.
The goblin barely misses you.
You slash the goblin! You burn the goblin.
You kill the goblin!
The gnoll hits you from afar with a +0 spear.
You closely miss the kobold. The kobold barely misses you.
The gnoll hits you but does no damage. The gnoll barely misses you.
You block the kobold's attack. You block the rat's attack.
You hit the rat. You burn the rat.
You kill the rat!
You completely miss the kobold. You block the gnoll's attack.
The kobold hits you with a +0 whip.
You barely miss the kobold. The kobold completely misses you.
The gnoll hits you but does no damage.
You slash the kobold! You burn the kobold.
You kill the kobold!
The gnoll hits you from afar with a +0 spear. x2
The gnoll hits you but does no damage. You block the gnoll's attack.
Things that are here:
a +0 spear; a gnoll corpse You slash the gnoll!
You burn the gnoll.
The gnoll is severely wounded.
The gnoll hits you with a +0 spear.
You die...

#..# ### #..# #..
########.<# #.#
#.........## #.#
#.######...# #.# #.#
#.#.# #.# #g#
####.#.###.# #g#
#....#.....#
..####@###.#######).#
......?)..>....#....##
....#.=........#....####
#. #.#.######.#...>....
...#.# #......####
#.....# ##.#.......
####..#######.........
............#?#####
###.#######.#..#


You could see 2 gnolls.

Vanquished Creatures
  A gnoll (D:2)
  A ball python (D:1)
  3 bats (D:1)
  A giant cockroach (D:1)
  2 hobgoblins (D:1)
  4 jackals (D:1)
  A frilled lizard (D:1)
  4 goblins
  4 kobolds
  4 rats
25 creatures vanquished.

Notes
Turn   | Place    | Note
-------+----------+-------------------------------------------
     0 | D:1      | qw the Gargoyle Fighter began the quest for the Orb.
     0 | D:1      | Reached XP level 1. HP: 14/14 MP: 1/1
     0 | D:1      | 0 ||| qw: Version: 0.3-a-9-g12657ce
     0 | D:1      | 0 ||| qw: Game counter: 1311
     0 | D:1      | 0 ||| qw: Always use a shield: true
     0 | D:1      | 0 ||| qw: God list: Okawaru
     0 | D:1      | 0 ||| qw: Allow faded altars: false
     0 | D:1      | 0 ||| qw: Do Orc after D:15 true
     0 | D:1      | 0 ||| qw: Do second Lair branch before Depths: true
     0 | D:1      | 0 ||| qw: Lair rune preference: random
     0 | D:1      | 0 ||| qw: Plans: Normal, Zot:1-4, Slime:5, God:TSO, Crypt,
                  | Tomb, Abyss, Pan, Hells, Win
     0 | D:1      | 0 ||| PLANNING D:1-11
     3 | D:1      | 3 ||| READING scroll labelled RAIGGI NUMNIUFAU.
   166 | D:1      | Reached XP level 2. HP: 19/19 MP: 2/2
   202 | D:1      | 202 ||| Stepping ~*~*~tactically~*~*~ (stealth).
   205 | D:1      | 205 ||| Stepping ~*~*~tactically~*~*~ (stealth).
   206 | D:1      | 206 ||| Stepping ~*~*~tactically~*~*~ (stealth).
   667 | D:1      | Reached skill level 3 in Axes
   688 | D:1      | 688 ||| UPGRADING to +0 chain mail.
   698 | D:1      | 698 ||| DROPPING +0 scale mail.
   699 | D:1      | 699 ||| UPGRADING to +0 helmet.
   704 | D:1      | 704 ||| UPGRADING to +6 ring of strength.
   705 | D:1      | 705 ||| READING scroll labelled NUAKHUROAL.
   706 | D:1      | 706 ||| READING scroll labelled QYNIOR YTAEHA.
   707 | D:1      | 707 ||| READING scroll labelled GUESU AMEYRCH.
   708 | D:1      | 708 ||| READING 2 scrolls labelled ZUJYM WUAGOTU.
   709 | D:1      | 709 ||| READING scroll of brand weapon.
   709 | D:1      | 709 ||| BRANDING +0 war axe of freezing.
   761 | D:2      | 761 ||| Stepping ~*~*~tactically~*~*~ (stealth).
   767 | D:2      | 767 ||| Stepping ~*~*~tactically~*~*~ (stealth).
   778 | D:2      | Reached XP level 3. HP: 20/23 MP: 3/3
   815 | D:2      | 815 ||| Stepping ~*~*~tactically~*~*~ (hiding).
   825 | D:2      | HP: 4/23 [gnoll/+0 spear (6)]
   827 | D:2      | Slain by a gnoll

Levels and vault maps discovered:
D:1:      minmay_arrival_arboretum_small, layout_loops_ring, minmay_pentomino_z2
D:2:      layout_loops_ring, basic_altar, st_stairs_3, uniq_crazy_yiuf_cottage,
          uniq_terence

Skill      XL: |  1  2 |
---------------+-------+-----
Axes           | 2 3 |  3.3
Fighting       | |  3.2
Armour         | |  3.2
Shields        | |  3.2

Action                     || total
---------------------------++-------
  Melee: War axe           ||    82
    Use: Scroll            ||     6
 Armour: Scale mail        ||    42
         Chain mail        ||     8
  Dodge: Dodged            ||    44
  Block: Buckler           ||    14

Table legend:
 A = Non-vault XP
 B = Vault XP
 C = Vault XP percentage of total XP
 D = Non-vault monster count
 E = Vault monster count
 F = Vault count percentage of total count
                 A         B        C        D         E       F
            +---------+---------+-------+---------+---------+-------
      Total |      48 |       4 |   7.7 |      23 |       2 |   8.0
            +---------+---------+-------+---------+---------+-------
        D:1 |      26 |       4 |  13.3 |      17 |       2 |  10.5
        D:2 |      22 |       0 |   0.0 |       6 |       0 |   0.0
            +---------+---------+-------+---------+---------+-------
